 Seeded DCSS version 0.30-a0-385-gfebfb9b408 (webtiles) character file.

Game seed: 17182336842699949462 (custom seed)

14268 flotson the Anamnesiscian (level 11, -3/75 HPs)
             Began as a Demonspawn Delver on Dec 3, 2022.
             Was an Elder of Hepliaklqana.
             Killed from afar by a deep elf zephyrmancer (25 damage)
             ... with a bolt of lightning
             ... on level 11 of the Dungeon.
             The game lasted 00:16:40 (9255 turns).

flotson the Anamnesiscian (Demonspawn Delver)       Turns: 9255, Time: 00:16:41

Health: -3/75      AC: 21    Str: 28    XL:     11   Next: 86%
Magic:  17/17      EV:  9    Int: 11    God:    Hepliaklqana [****..]
Gold:   653        SH: 16    Dex: 21    Spells: 10/10 levels left

rFire   + + +      SeeInvis +    a - +6 sling of Wyeffef {drain, rC+ SInv}
rCold   . . .      Faith    .    o - +0 tower shield
rNeg    + + .      Spirit   .    I - +4 chain mail of Youthful Indiscretion {Fly rF+++ rC- Regen+}
rPois   .          Reflect  .    s - +0 helmet
rElec   .          Harm     .    v - +1 cloak
rCorr   +          Rampage  .    B - +1 pair of gloves "Unul" {Str+6 Int+2}
Will    .....                    (no boots)
Stlth   ..........               (no amulet)
HPRegen 1.12/turn                S - +6 ring of dexterity
MPRegen 0.15/turn                T - ring "Qohagoc" {rN++ rCorr Str+6 Int-3}

@: flying
A: reduced essence, hooves 2, yellow scales 1, demonic guardian 2, powered by
death 1
a: Renounce Religion, Recall Ancestor, Ancestor Identity, Transference, Idealise


You were on level 11 of the Dungeon.
You worshipped Hepliaklqana.
Hepliaklqana was greatly pleased with you.
You visited 1 branch of the dungeon, and saw 11 of its levels.

You collected 653 gold pieces.

Inventory:

Hand Weapons
 a - the +6 sling of Wyeffef (weapon) {drain, rC+ SInv}
   (You found it on level 3 of the Dungeon)

   A truly terrible weapon, it drains the life of any living foe it strikes.
   rC:        It protects you from cold.
   SInv:      It lets you see invisible.
 b - a +2 war axe of freezing
 O - a +0 demon whip of venom
 P - a +2 trident of flaming
Missiles
 n - 4 curare-tipped darts
 H - 2 boomerangs of dispersal
 U - 2 boomerangs
 V - 14 poisoned darts
Armour
 m - a +1 plate armour of cold resistance
 o - a +0 tower shield (worn)
 s - a +0 helmet (worn)
 v - a +1 cloak (worn)
 B - the +1 pair of gloves "Unul" (worn) {Str+6 Int+2}
   (You found it on level 7 of the Dungeon)

   Str:       It affects your strength (+6).
   Int:       It affects your intelligence (+2).
 I - the +4 chain mail of Youthful Indiscretion (worn) {Fly rF+++ rC- Regen+}
   (You found it on level 7 of the Dungeon)

   rF:        It renders you almost immune to fire.
   rC:        It makes you vulnerable to cold.
   Fly:       It grants you flight.
   Regen:     It increases your rate of health regeneration.
 X - +0 swamp dragon scales
Jewellery
 r - a ring of see invisible
 S - a +6 ring of dexterity (left hand)
 T - the ring "Qohagoc" (right hand) {rN++ rCorr Str+6 Int-3}
   (You found it on level 9 of the Dungeon)

   [ring of strength]

   Str:       It affects your strength (+6).
   Int:       It affects your intelligence (-3).
   rN:        It greatly protects you from negative energy.
   rCorr:     It protects you from acid and corrosion.
Wands
 g - a wand of digging (3)
 k - a wand of light (28)
 y - a wand of roots (12)
 C - a wand of charming (16)
 N - a wand of mindburst (14)
 Q - a wand of flame (15)
Scrolls
 c - a scroll of fog
 d - 4 scrolls of magic mapping
 e - 3 scrolls of fear
 i - 6 scrolls of teleportation
 j - 2 scrolls of silence {unknown}
 p - 9 scrolls of identify {unknown}
 t - 2 scrolls of enchant weapon {unknown}
 u - 4 scrolls of butterflies {unknown}
 w - 3 scrolls of blinking {unknown}
 x - 2 scrolls of immolation {unknown}
 D - a scroll of noise {unknown}
 K - 2 scrolls of vulnerability {unknown}
 L - a scroll of amnesia {unknown}
 Y - a scroll of poison {unknown}
Potions
 f - 2 potions of haste
 h - 3 potions of brilliance {unknown}
 l - 4 potions of attraction {unknown}
 q - 5 potions of curing {unknown}
 z - a potion of resistance {unknown}
 A - 3 potions of cancellation {unknown}
 E - 2 potions of ambrosia {unknown}
 F - a potion of might {unknown}
 G - 5 potions of lignification {unknown}
 J - 4 potions of degeneration {unknown}
 M - a potion of heal wounds {unknown}
 R - a potion of invisibility {unknown}
 W - 2 potions of flight {unknown}


   Skills:
 + Level 7.4 Fighting
 + Level 4.4(4.6) Axes
 - Level 1.7(3.3) Polearms
 + Level 5.6 Ranged Weapons
 + Level 5.8 Throwing
 + Level 5.9 Armour
 + Level 6.4 Dodging
 - Level 5.0 Stealth
 + Level 6.0 Shields
 - Level 8.0 Invocations
 + Level 6.5 Evocations


You had 10 spell levels left.
You didn't know any spells.
Your spell library contained the following spells:

 Spells                   Type           Power      Damage    Failure   Level
 Magic Dart               Conj           0%         1d3       100%        1
 Blink                    Tloc           0%         N/A       100%        2
 Searing Ray              Conj           0%         2d4       100%        2
 Fulminant Prism          Conj/Hex       0%         3d5       100%        4
 Manifold Assault         Tloc           0%         N/A       100%        4
 Storm Form               Tmut/Air       0%         N/A       100%        7


Dungeon Overview and Level Annotations

Branches:
Dungeon (11/15)            Temple (0/1) D:4            Lair (0/5) D:11
    Orc: D:9-12

Altars:
Cheibriados
Fedhas
Hepliaklqana
Kikubaaqudgha
Makhleb
Nemelex Xobeh
Sif Muna
Uskayaw
Wu Jian

Shops:
D:5 ((   D:11 *

Annotations:
D:10 1 transporter, osoart's ghost, journeyman DjIE


Innate Abilities, Weirdness & Mutations

Your life essence is reduced to manifest your ancestor. (-10% HP)
You have hoof-like feet.
You are partially covered in yellow scales. (AC +2)
A demonic guardian rushes to your aid.
You regenerate a little health from kills.


Message History

Unknown command.
You are too injured to fight recklessly!
Unknown command.
You are too injured to fight recklessly!
Unknown command.
You are too injured to fight recklessly!
Unknown command.
Fire: a) +6 sling of Wyeffef {drain, rC+ SInv}
Press: ? - help, Q - select action, (/) - cycle Shift-Dir - straight line, f/p - death yak
Aim: a death yak (lightly wounded, ally target, 84% to hit)
You shoot a sling bullet.
The sling bullet barely misses the death yak.
The sling bullet hits the death yak but does no damage.
You drain the death yak.
The death yak is lightly wounded.
You block the death yak's attack.
The death yak gores you but does no damage.
The death yak gores Ku-aya!!
There is an open door here.
The death yak seems less drained.
The death yak seems less drained.
There is an open door here.
Your ice devil disappears in a puff of smoke!
The deep elf zephyrmancer shouts!
You hear a bellow!
The deep elf zephyrmancer casts a spell at you.
The bolt of lightning hits you!! x2
* * * LOW HITPOINT WARNING * * *
A demonic guardian appears!
You hear a shout!
Your rust devil hits the death yak.
Your rust devil corrodes the death yak!
The death yak barely misses your rust devil.
Your rust devil barely misses the death yak.
There is an open door here.
The death yak gores your rust devil!
Your rust devil hits the death yak.
The death yak seems to be corroded for longer.
The death yak gores your rust devil!
Your rust devil barely misses the death yak.
The deep elf zephyrmancer points at you and mumbles some strange words.
The bolt of lightning hits Ku-aya!!
The bolt of lightning hits you!!
You die...

...........#...########.#
#....
....###'####............#
#....
.Y..#..............######
######
.Y..#.##..Y##......#
#.....
....#.##...4....##.#
#.###.
.####.....Y.Y...##.# #.#
#. ..###........e.....#
#.# #.
....#......###'#####
#.###.
....#......#...R@.#
#.....
...........#......#
######
[...#......'......#
....#......#......#
....#......#......#
....#......#......#
....#......#......#
######
)...#......#......#
#.....
....#.....<#......#
#.....


You could see the friendly Ku-aya the battlemage, 3 death yaks, a deep elf
zephyrmancer (ally target) and a friendly rust devil (summoned).

Vanquished Creatures
  A boulder beetle (D:9)
  Amaemon (D:8)
  A deep elf pyromancer (D:11)
  A cyclops (D:9)
  A manticore (D:9)
  An orange demon (D:8)
  A gargoyle (D:10)
  A kobold demonologist (D:10)
  A troll (D:11)
  4 yaks (D:10)
  A steam dragon (D:9)
  Menkaure (D:6)
  2 acid dragons
  A water moccasin (D:4)
  A black bear (D:4)
  An orc warrior (D:10)
  2 ogres (D:5)
  3 centaurs
  A phantom (D:5)
  2 kobold brigands
  A gnoll sergeant (D:10)
  2 scorpions (D:5)
  A wight (D:9)
  5 killer bees (D:9)
  A howler monkey (D:5)
  A gnoll bouda (D:9)
  An orc priest (D:8)
  A jelly (D:5)
  Natasha (D:3)
  2 iguanas
  4 orc wizards
  11 adders
  12 gnolls
  A white imp (D:8)
  An ufetubus (D:6)
  5 dart slugs
  28 orcs
  3 bats
  An endoplasm (D:2)
  2 giant cockroaches
  8 goblins
  A hobgoblin (D:1)
  2 jackals (D:2)
  2 quokkas
  6 ball pythons
  A frilled lizard (D:3)
  10 kobolds
  3 rats (D:2)
145 creatures vanquished.

Vanquished Creatures (collateral kills)
  A two-headed ogre (D:7)
  5 deep elf pyromancers (D:11)
  A cyclops (D:11)
  Maurice (D:10)
  Maggie (D:10)
  A kobold demonologist (D:10)
  Grinder (D:4)
  2 yaks (D:10)
  A wyvern (D:10)
  2 wraiths
  2 steam dragons
  2 water moccasins (D:6)
  2 orc warriors
  2 sky beasts
  An ice beast (D:6)
  3 black bears
  A centaur (D:8)
  3 phantoms
  3 kobold brigands
  2 gnoll sergeants
  2 bullfrogs
  11 wights
  An electric eel (D:6)
  2 howler monkeys
  A gnoll bouda (D:6)
  Crazy Yiuf (D:7)
  An orc priest (D:8)
  An iguana (D:6)
  Natasha (twice) (D:3)
  3 orc wizards
  12 gnolls
  An adder (D:6)
  A shadow imp (D:6)
  A white imp (D:7)
  A dart slug (D:2)
  15 orcs
  4 kobolds
97 creatures vanquished.

Vanquished Creatures (others)
  10 battlemagi
  5 ancestors
15 creatures vanquished.

Grand Total: 257 creatures vanquished

Notes
Turn   | Place    | Note
-------+----------+-------------------------------------------
     0 | D:5      | flotson the Demonspawn Delver began the quest for the Orb.
     0 | D:5      | Reached XP level 1. HP: 18/18 MP: 1/1
    40 | D:4      | Gained mutation: You have large cloven feet. [demonic
                  | ancestry]
    40 | D:4      | Reached XP level 2. HP: 2/24 MP: 2/2
   134 | D:4      | Found a staircase to the Ecumenical Temple.
   285 | D:4      | Found a hazy altar of Hepliaklqana.
   293 | D:4      | Became a worshipper of Hepliaklqana the Forgotten
   357 | D:4      | Reached skill level 1 in Evocations
   357 | D:4      | Reached XP level 3. HP: 20/29 MP: 3/3
   471 | D:3      | Found a hide-covered altar of Uskayaw.
   471 | D:3      | Noticed a +0 hand axe
   472 | D:3      | Noticed a +0 hand axe
   510 | D:2      | Reached skill level 1 in Armour
   530 | D:2      | Gained mutation: You regenerate a little health from kills.
                  | [demonic ancestry]
   530 | D:2      | Reached XP level 4. HP: 12/35 MP: 4/4
   737 | D:1      | Found a faded altar of an unknown god.
   933 | D:1      | Reached skill level 1 in Shields
  1111 | D:2      | Reached * piety under Hepliaklqana
  1269 | D:2      | Reached skill level 1 in Invocations
  1541 | D:3      | Noticed Natasha
  1546 | D:3      | Killed Natasha
  1552 | D:3      | Gained mutation: A weak demonic guardian rushes to your
                  | aid. [demonic ancestry]
  1552 | D:3      | Reached XP level 5. HP: 17/36 MP: 5/5
  1552 | D:3      | Noticed Natasha
  1563 | D:3      | Killed Natasha
  1564 | D:3      | Reached skill level 1 in Throwing
  1668 | D:3      | Noticed Natasha
  1675 | D:3      | Killed Natasha
  1676 | D:3      | Reached skill level 5 in Stealth
  1682 | D:3      | Identified the +6 sling of Wyeffef {drain, rC+ SInv}
  2221 | D:4      | Noticed a black bear
  2581 | D:3      | Found a hide-covered altar of Uskayaw.
  2722 | D:4      | Killed a black bear
  2723 | D:4      | Reached skill level 2 in Invocations
  2723 | D:4      | Gained mutation: A demonic guardian rushes to your aid.
                  | [demonic ancestry]
  2723 | D:4      | Reached XP level 6. HP: 20/43 MP: 7/7
  2883 | D:4      | Found an ancient bone altar of Kikubaaqudgha.
  2899 | D:4      | Noticed Grinder
  2917 | D:4      | Killed Grinder
  2918 | D:4      | Reached skill level 1 in Ranged Weapons
  2918 | D:4      | Gained mutation: You have hoof-like feet. [demonic
                  | ancestry]
  2918 | D:4      | Reached XP level 7. HP: 29/48 MP: 8/8
  3335 | D:4      | Reached skill level 3 in Invocations
  3352 | D:5      | Found Efesmiatz's Antique Weapon Emporium.
  3628 | D:5      | Reached XP level 8. HP: 53/54 MP: 10/10
  3720 | D:5      | Found a blossoming altar of Fedhas.
  3730 | D:5      | Found a burning altar of Makhleb.
  3788 | D:5      | Found a sparkling altar of Nemelex Xobeh.
  3810 | D:5      | Reached ** piety under Hepliaklqana
  3811 | D:5      | Remembered your ancestor Ku-aya as a battlemage
  3986 | D:5      | Reached skill level 4 in Invocations
  4115 | D:5      | Found a blossoming altar of Fedhas.
  4121 | D:5      | Found a burning altar of Makhleb.
  4244 | D:5      | Found Cywneck's Weapon Boutique.
  4320 | D:5      | Found a sparkling altar of Nemelex Xobeh.
  4378 | D:5      | Found Efesmiatz's Antique Weapon Emporium.
  4527 | D:6      | Reached skill level 5 in Fighting
  4577 | D:6      | Gained mutation: You are partially covered in yellow
                  | scales. (AC +2) [demonic ancestry]
  4577 | D:6      | Reached XP level 9. HP: 61/61 MP: 12/12
  4634 | D:6      | Reached skill level 5 in Invocations
  4790 | D:6      | Reached skill level 1 in Axes
  4948 | D:6      | Noticed Menkaure
  4951 | D:6      | Killed Menkaure
  5105 | D:7      | Identified the +1 pair of gloves "Unul" {Str+6 Int+2}
  5117 | D:7      | Identified the +4 chain mail of Youthful Indiscretion {Fly
                  | rF+++ rC- Regen+}
  5478 | D:7      | Reached *** piety under Hepliaklqana
  5726 | D:7      | Noticed a two-headed ogre
  5739 | D:7      | Killed a two-headed ogre
  5755 | D:7      | Found a shimmering blue altar of Sif Muna.
  5816 | D:7      | Found a runed translucent door.
  5817 | D:7      | Noticed Crazy Yiuf
  5822 | D:7      | Killed Crazy Yiuf
  6000 | D:8      | Noticed an orange demon
  6002 | D:8      | Noticed Amaemon
  6004 | D:8      | Reached skill level 5 in Dodging
  6008 | D:8      | Killed Amaemon
  6009 | D:8      | Reached skill level 6 in Invocations
  6009 | D:8      | Reached XP level 10. HP: 59/68 MP: 14/14
  6024 | D:8      | Killed an orange demon
  6078 | D:8      | Reached skill level 5 in Evocations
  6398 | D:8      | Found a snail-covered altar of Cheibriados.
  6461 | D:8      | Reached **** piety under Hepliaklqana
  6809 | D:9      | Identified the ring "Qohagoc" {rN++ rCorr Str+6 Int-3}
  6874 | D:9      | Noticed a boulder beetle
  6968 | D:9      | Reached skill level 5 in Shields
  7047 | D:9      | Noticed a manticore
  7064 | D:9      | Killed a manticore
  7065 | D:9      | Reached skill level 5 in Throwing
  7065 | D:9      | Reached skill level 5 in Armour
  7065 | D:9      | Reached skill level 7 in Invocations
  7153 | D:9      | Killed a boulder beetle
  7308 | D:9      | Noticed a cyclops
  7317 | D:9      | Killed a cyclops
  7318 | D:9      | Reached XP level 11. HP: 54/74 MP: 16/16
  7791 | D:10     | Entered Level 10 of the Dungeon
  7837 | D:10     | Noticed Maggie
  7844 | D:10     | Killed Maggie
  7845 | D:10     | Noticed a two-headed ogre
  7846 | D:10     | Noticed osoart's ghost (journeyman DjIE)
  7850 | D:10     | Noticed a two-headed ogre
  7857 | D:10     | Found a transporter.
  7865 | D:10     | Noticed a two-headed ogre
  7867 | D:10     | Noticed a two-headed ogre
  8001 | D:10     | Reached skill level 5 in Ranged Weapons
  8013 | D:10     | Noticed Maurice
  8016 | D:10     | Killed Maurice
  8214 | D:10     | Found an ornate altar of the Wu Jian Council.
  8581 | D:11     | Found Madi Xoz's Elemental Accessories.
  8627 | D:11     | Noticed a deep elf zephyrmancer
  8627 | D:11     | Noticed a deep elf pyromancer
  8628 | D:11     | Noticed a deep elf pyromancer
  8628 | D:11     | Noticed a deep elf zephyrmancer
  8631 | D:11     | Noticed a deep elf pyromancer
  8632 | D:11     | Noticed a deep elf pyromancer
  8632 | D:11     | Noticed a deep elf pyromancer
  8634 | D:11     | Noticed a deep elf zephyrmancer
  8636 | D:11     | Killed a deep elf pyromancer
  8639 | D:11     | Killed a deep elf pyromancer
  8640 | D:11     | Noticed a death yak
  8641 | D:11     | Noticed a death yak
  8642 | D:11     | Found a staircase to the Lair.
  8642 | D:11     | Noticed a death yak
  8642 | D:11     | Noticed a death yak
  8642 | D:11     | Noticed a death yak
  8642 | D:11     | Noticed a death yak
  8642 | D:11     | Noticed a death yak
  9028 | D:11     | Reached skill level 8 in Invocations
  9094 | D:11     | Killed a deep elf pyromancer
  9132 | D:11     | Noticed a deep elf pyromancer
  9138 | D:11     | Killed a deep elf pyromancer
  9164 | D:11     | Killed a deep elf pyromancer
  9176 | D:11     | Killed a deep elf pyromancer
  9255 | D:11     | Killed from afar by a deep elf zephyrmancer

Illustrated notes

Levels and vault maps discovered:
D:1:      scummos_arrival_simple_crosswalls, layout_rooms,
          hellmonk_ecumenical_altar_run_dry
D:2:      layout_rooms, st_stairs_9
D:3:      layout_loops_ring, dancing_weapons_uskayaw, uniq_natasha
D:4:      layout_basic, overflow_temple_1_default,
          mainiacjoe_overflow_tiny_flanked, minmay_temple_entry_purple_smoke,
          uniq_grinder
D:5:      layout_cave_pools, bloody_makhleb,
          mainiacjoe_overflow_surrounded_room, mainiacjoe_overflow_boulevard,
          serial_shops, nicolae_stop_n_shop_1, corexii_leaking_fountain,
          grunt_ministairs_11, nicolae_stop_n_shop_1
D:6:      layout_gridville, water_maze_lemuel, uniq_menkaure
D:7:      layout_basic, mainiacjoe_overflow_six_doors_small,
          nicolae_fountain_basement, uniq_crazy_yiuf_cottage
D:8:      layout_gridville, mainiacjoe_overflow_small_starburst, uniq_amaemon
D:9:      layout_gridville, lightli_minifort
D:10:     layout_roguey, lemuel_crystal_altar, gammafunk_ghost_smash,
          kennysheep_generic_room_12, uniq_maggie, uniq_maurice
D:11:     layout_stronghold, dpeg_lair_monsters, nicolae_elemental_shop,
          elves_outpost_lemuel

Skill      XL: |  1  2  3  4  5  6  7  8  9 10 11 |
---------------+----------------------------------+-----
Dodging        | 2 3 4 5 6 |  6.4
Evocations     | 1 2 3 4 5 6 |  6.5
Armour         | 1 2 3 4 5 |  5.9
Shields        | 1 2 3 4 5 6 |  6.0
Invocations    | 1 2 3 4 6 7 8 |  8.0
Throwing       | 1 2 3 4 5 |  5.8
Stealth        | 5 |  5.0
Fighting       | 4 5 6 7 |  7.4
Ranged Weapons | 1 2 4 5 |  5.6
Axes           | 2 3 4 |  4.4
Polearms       | |  1.7

Action                   |  1- 3 |  4- 6 |  7- 9 | 10-12 || total
-------------------------+-------+-------+-------+-------++-------
Melee: Spear             |    45 |       |       |       ||    45
       Kick              |    23 |    18 |       |       ||    41
       Trident           |    51 |    87 |       |       ||   138
 Fire: Sling             |       |    28 |   210 |   330 ||   568
Invok: Ancestor Life: Ba |       |       |     1 |       ||     1
       Recall Ancestor   |       |       |       |     1 ||     1
Evoke: Wand              |       |       |       |     3 ||     3
  Use: Scroll            |       |       |     1 |     2 ||     3
 Stab: Sleeping          |       |     5 |       |       ||     5
       Distracted        |       |     1 |       |       ||     1
Armor: Scale mail        |    44 |    57 |    84 |       ||   185
       Chain mail        |       |       |    10 |   147 ||   157
Dodge: Dodged            |    41 |    21 |    57 |    68 ||   187
Block: Tower shield      |    35 |    69 |   128 |   223 ||   455

Table legend: (Time is in decaauts)
 A = Elapsed time spent in this place.
 B = Non-inter-level travel time spent in this place.
 C = Inter-level travel time spent in this place.
 D = Time resting spent in this place.
 E = Time spent auto-exploring this place.
 F = Levels seen in this place.
 G = Mean time per level.
                   A        B        C        D        E       F      G
               +--------+--------+--------+--------+--------+-----+--------+
         Total |   9839 |   9391 |    448 |    341 |   6943 |  11 |  894.5 |
       Dungeon |   9839 |   9391 |    448 |    341 |   6943 |  11 |  894.5 |
               +--------+--------+--------+--------+--------+-----+--------+

Top non-repeatable levels by time:
     D:3: 1467 daAuts
     D:9: 1216 daAuts
     D:5: 1159 daAuts
     D:4: 1100 daAuts
    D:10: 846 daAuts
     D:6: 794 daAuts
     D:7: 750 daAuts
    D:11: 735 daAuts
     D:8: 726 daAuts
     D:2: 650 daAuts
     D:1: 390 daAuts
